Get step-by-step instructions on how to execute this build order below. Start the game timer, and the build order will tick by so you can play in parallel with StarCraft on a second screen or mobile device.

Game Time

  0:00

Last Step

  N/A

Next Step

Upcoming Step



Don't want to look back and forth between 2 screens? Try out our Overwolf App, the Spawning Tool Build Advisor to get an in-game overlay with this build!

Complete Build Order

  12  0:01  Probe (Chrono Boost)  
  13  0:11  Probe (Chrono Boost)  
  14  0:18  Pylon  
  14  0:22  Probe (Chrono Boost)  
  15  0:36  Probe (Chrono Boost)  
  15  0:37  Gateway  
  16  0:46  Probe (Chrono Boost)  
  17  0:52  Assimilator  
  18  0:57  Probe (Chrono Boost), Assimilator  
  18  1:07  Probe (Chrono Boost)  
  19  1:18  Probe (Chrono Boost)  
  20  1:24  Cybernetics Core  
  20  1:35  Probe (Chrono Boost)  
  21  1:48  Nexus  
  21  1:52  Probe (Chrono Boost)  
  22  2:02  Pylon  
  22  2:05  Warp Gate (Chrono Boost)  
  22  2:08  Probe  
  23  2:20  Stalker  
  25  2:23  Mothership Core  
  27  2:34  Stargate  
  27  2:44  Probe  
  27  2:48  Pylon  
  28  2:55  Gateway  
  28  2:57  Probe  
  29  2:59  Probe  
  30  3:13  Probe  
  30  3:15  Probe  
  32  3:22  Oracle (Chrono Boost)  
  37  3:39  Probe  
  37  3:41  Probe  
  36  3:53  Gateway  
  36  3:54  Oracle (Chrono Boost)  
  36  3:55  Gateway  
  39  3:57  Gateway  
  39  3:58  Probe  
  39  3:59  Probe  
  41  4:04  Pylon  
  41  4:09  Stalker  
  43  4:10  Sentry  
  45  4:18  Protoss Air Weapons Level 1 (Chrono Boost)  
  45  4:22  Probe x2  
  47  4:27  Pylon  
  47  4:29  Phoenix  
  47  4:34  Probe  
  47  4:36  Probe  
  51  4:45  Robotics Facility  
  51  4:47  Probe  
  51  4:48  Probe  
  37  5:22  Stalker x2  
  37  5:26  Phoenix  
  43  5:37  Probe x2  
  40  5:45  Observer  
  40  5:49  Probe x2  
  39  6:23  Probe x2  
  41  6:41  Stalker  
  41  6:44  Phoenix, Immortal  
  47  6:50  Probe x2  
  51  6:55  Assimilator  
  51  6:59  Forge  
  51  7:01  Forge  
  51  7:02  Probe x2  
  51  7:07  Stalker  
  51  7:08  Stalker x4  
  59  7:10  Pylon  
  59  7:13  Pylon  
  59  7:14  Probe  
  63  7:59  Stalker x5  
  63  8:03  Probe x2  
  75  8:09  Photon Cannon  
  75  8:12  Photon Cannon  
  75  8:16  Pylon  
  75  8:19  Probe  
  76  8:27  Sentry  
  50  8:55  Stalker  
  50  8:56  Stalker x3  
  50  9:00  Warp Prism  
  60  9:05  Probe  
  60  9:06  Probe  
  62  9:18  Probe x2  
  62  9:20  Protoss Ground Weapons Level 1 (Chrono Boost)  
  64  9:24  Assimilator  
  64  9:26  Protoss Ground Armor Level 1 (Chrono Boost)  
  64  9:30  Probe  
  65  9:39  Probe  
  65  9:41  Twilight Council  
  65  9:42  Probe  
  67  9:51  Probe  
  67  9:52  Zealot x5  
  78  9:54  Probe  
  79  10:08  Immortal  
  79  10:13  Probe x2  
  85  10:26  Zealot x2  
  89  10:29  Zealot, Nexus  
  89  10:32  Zealot  
  93  10:49  Pylon  
  93  10:54  Pylon  
  93  10:56  Probe  
  94  10:58  Pylon  
  94  11:00  Pylon  
  94  11:08  Probe